 Dungeon Crawl Stone Soup version 0.28-a0-265-g048bc9fd10 (webtiles) character file.

Game seed: 375147894126696803

18 SeanNever the Skirmisher (level 2, -4/27 HPs)
             Began as a Minotaur Fighter on Aug 27, 2021.
             Slain by a hornet zombie (8 damage)
             ... on level 3 of the Dungeon.
             The game lasted 00:01:23 (344 turns).

SeanNever the Skirmisher (Minotaur Fighter)          Turns: 344, Time: 00:01:24

Health: -4/27      AC:  7    Str: 20    XL:     2   Next: 48%
Magic:  1/1        EV:  7    Int:  5    God:
Gold:   0          SH:  8    Dex:  9    Spells: 1/1 levels left

rFire   . . .      SeeInvis .   a - +0 rapier
rCold   . . .      Faith    .   c - +0 kite shield
rNeg    . . .      Spirit   .   b - +0 scale mail
rPois   .          Reflect  .   (helmet restricted)
rElec   .          Harm     .   (no cloak)
rCorr   .          Rampage  .   (no gloves)
Will    .....                   (no boots)
Stlth   ..........              (no amulet)
HPRegen 0.09/turn               (no ring)
MPRegen 0.07/turn               (no ring)

@: no status effects
A: horns 2, retaliatory headbutt
a: no special abilities


You were on level 3 of the Dungeon.
You visited 1 branch of the dungeon, and saw 3 of its levels.

Inventory:

Hand Weapons
 a - a +0 rapier (weapon)
Armour
 b - a +0 scale mail (worn)
 c - a +0 kite shield (worn)
Scrolls
 f - 2 scrolls of teleportation {unknown}
Potions
 d - 2 potions of might
 e - a potion of flight {unknown}
 g - a potion of attraction {unknown}
 h - a potion of haste {unknown}


   Skills:
 + Level 4.1 Fighting
 + Level 2.3 Short Blades
 + Level 3.8 Armour
 + Level 4.0 Shields


You had one spell level left.
You didn't know any spells.
Your spell library was empty.

Dungeon Overview and Level Annotations

Branches:
Dungeon (3/15)

Altars:


Innate Abilities, Weirdness & Mutations

You have a pair of horns on your head.
You reflexively headbutt those who attack you in melee.


Message History

The kobold throws a stone.
The stone hits you.
The kobold throws a stone.
The stone hits you but does no damage.
The kobold throws a stone.
The stone hits you but does no damage.
There is a stone staircase leading down here.
The kobold throws a stone.
The stone closely misses you.
You climb downwards.
The frilled lizard hisses angrily.
There is a stone staircase leading up here.
You hit the bat.
You kill the bat!
The giant cockroach bites you.
The giant cockroach bites you but does no damage.
You see here a bat corpse.
You closely miss the giant cockroach.
Your headbutt misses the giant cockroach.
The giant cockroach completely misses you.
The giant cockroach bites you but does no damage.
You puncture the giant cockroach!
You kill the giant cockroach!
The frilled lizard bites you but does no damage.
You hit the frilled lizard. You headbutt the frilled lizard.
You kill the frilled lizard!
Found a falchion.
Found an escape hatch in the floor.
A hornet zombie comes into view.
You block the hornet zombie's attack.
You see here a +0 falchion.
You hit the hornet zombie.
The hornet zombie is lightly damaged.
The hornet zombie hits you!
* * * LOW HITPOINT WARNING * * *
You block the hornet zombie's attack.
Your shield prevents you from hitting the hornet zombie.
The hornet zombie is lightly damaged.
You block the hornet zombie's attack.
You hit the hornet zombie. You headbutt the hornet zombie.
The hornet zombie is moderately damaged.
The hornet zombie hits you but does no damage.
The hornet zombie hits you!
You die...

... .......# ..####
...### #...## #....##
#.....##.#..###.....####
#......................
####.#†##..#.......##
#..†##...........##
##..##.##.........#
#.<##.###..Z..##...
#......# #..@..# #.
#..###..#...>....# ...#
............# .....
...#.......# .####
##.##.....## #.###...##
# #####


You could see a hornet zombie.

Vanquished Creatures
  2 worms (D:2)
  A giant cockroach (D:3)
  2 goblins (D:1)
  2 ball pythons (D:1)
  3 bats
  2 frilled lizards
  2 kobolds (D:1)
  A rat (D:1)
15 creatures vanquished.

Notes
Turn   | Place    | Note
-------+----------+-------------------------------------------
     0 | D:1      | SeanNever the Minotaur Fighter began the quest for the Orb.
     0 | D:1      | Reached XP level 1. HP: 19/19 MP: 0/0
   176 | D:1      | Reached XP level 2. HP: 27/27 MP: 1/1
   344 | D:3      | Slain by a hornet zombie

Illustrated notes

Levels and vault maps discovered:
D:1:      saegor_arrival_miasma, layout_basic,
          shapermc_ecumenical_altar_rom_forum, hangedman_decor_peaks_small
D:2:      cheibrodos_helix_gallery, layout_basic
D:3:      layout_rooms, mainiacjoe_overflow_boulevard,
          mainiacjoe_overflow_surrounded_room, serial_bayou_lagoon_b,
          uniq_grinder, uniq_sigmund

Skill      XL: |  1  2 |
---------------+-------+-----
Fighting       | 4 |  4.1
Shields        | 4 |  4.0
Short Blades   | |  2.3
Armour         | |  3.8

Action                   || total
-------------------------++-------
Melee: Rapier            ||    32
       Headbutt          ||     7
Armor: Scale mail        ||    19
Dodge: Dodged            ||    11
Block: Kite shield       ||    14

Table legend: (Time is in decaauts)
 A = Elapsed time spent in this place.
 B = Non-inter-level travel time spent in this place.
 C = Inter-level travel time spent in this place.
 D = Time resting spent in this place.
 E = Time spent auto-exploring this place.
 F = Levels seen in this place.
 G = Mean time per level.
                   A        B        C        D        E       F      G
               +--------+--------+--------+--------+--------+-----+--------+
         Total |    353 |    353 |      0 |      0 |      0 |   3 |  117.7 |
       Dungeon |    353 |    353 |      0 |      0 |      0 |   3 |  117.7 |
               +--------+--------+--------+--------+--------+-----+--------+

Top non-repeatable levels by time:
     D:1: 189 daAuts
     D:2: 137 daAuts
     D:3: 26 daAuts
